 Dungeon Crawl Stone Soup version 0.27-a0-909-g0721f309d1 (webtiles) character file.

Game seed: 12825738020827541819

13 EnegeticOcto the Magician (level 2, 0/21 HPs)
             Began as a Djinni Venom Mage on Apr 8, 2021.
             Slain by a quokka (1 damage)
             ... on level 2 of the Dungeon.
             The game lasted 00:01:08 (138 turns).

EnegeticOcto the Magician (Djinni Venom Mage)        Turns: 138, Time: 00:01:09

Health: 0/21       AC:  2    Str:  7    XL:     2   Next: 37%
Gold:   32         EV: 12    Int: 16    God:
                   SH:  0    Dex: 13

rFire    + + .     SeeInvis .   (no weapon)
rCold    x . .     Faith    .   (no shield)
rNeg     . . .     Spirit   .   a - +0 robe
rPois    ∞         Reflect  .   (no helmet)
rElec    .         Harm     .   (no cloak)
rCorr    .         Rampage  .   (no gloves)
Will     .....                  (boots unavailable)
Stlth    ++........             (no amulet)
HPRegen  0.07/turn              (no ring)
MPRegen  0.00/turn              (no ring)

@: weak-willed, flying, hasted, very quick
A: fire resistance 2, cold vulnerability 1, float, innate caster, hp casting,
extra vitality 1
a: no special abilities


You were on level 2 of the Dungeon.
You visited 1 branch of the dungeon, and saw 2 of its levels.

You collected 32 gold pieces.

Inventory:

Armour
 a - a +0 robe (worn)
Scrolls
 b - 4 scrolls of identify {unknown}
 e - a scroll of brand weapon {unknown}


   Skills:
 - Level 2.1 Dodging
 - Level 1.5 Stealth
 + Level 3.3 Spellcasting


You couldn't memorise any spells.
You knew the following spells:

 Your Spells              Type           Power      Damage    Failure   Level
a - Sting                 Tmut/Pois      52%        1d5       4%          1
b - Poisonous Vapours     Pois/Air       26%        N/A       7%          2
c - Mephitic Cloud        Conj/Pois/Air  13%        N/A       14%         3
d - Ignite Poison         Fire/Tmut/Pois 13%        N/A       14%         3
e - Olgreb's Toxic Radia  Pois           13%        N/A       43%         4
Your spell library was empty.

Dungeon Overview and Level Annotations

Branches:
Dungeon (2/15)

Altars:
Zin


Innate Abilities, Weirdness & Mutations

You are immune to poison.
Your flesh is very heat resistant. (rF++)
You are vulnerable to cold. (rC-)
You float through the air rather than walking.
You learn spells naturally, not from books.
Your magical power is your life essence.
You have superior vitality. (+4 HP)


Message History

Aim: a ball python (asleep, 0% to evade)
The sting hits the ball python.
The ball python is poisoned.
You kill the ball python!
b - 4 scrolls labelled BOIFIDW EQYETH (gained 3)
A hobgoblin comes into view.
The hobgoblin shouts!
You hear a shout!
Casting: Sting (safe; 4% risk of failure)
Confirm with . or Enter, or press ? or * to list all spells.
Aiming: Poisonous Vapours (safe; 8% risk of failure)
Press: ? - help, Dir - move target, f - hobgoblin
Aim: a hobgoblin Poisonous vapours surround the hobgoblin!
* * * LOW HITPOINT WARNING * * *
A bat comes into view.
The hobgoblin is engulfed in poison gas.
The hobgoblin is poisoned.
You kill the hobgoblin!
A goblin comes into view. It is wielding a +0 dagger.
Found 3 gold pieces.
Found 29 arrows.
You now have 24 gold pieces (gained 3).
Found 8 gold pieces.
Casting: Poisonous Vapours (safe; 7% risk of failure)
Confirm with . or Enter, or press ? or * to list all spells.
Aiming: Poisonous Vapours (safe; 7% risk of failure)
Press: ? - help, Dir - move target, f - goblin
Aim: a goblin, wielding a +0 dagger
Okay, then.
Casting: Poisonous Vapours (safe; 7% risk of failure)
Confirm with . or Enter, or press ? or * to list all spells.
Aiming: Sting (safe; 4% risk of failure)
Press: ? - help, Shift-Dir - straight line, f - goblin
Aim: a goblin, wielding a +0 dagger (36% to evade)
The sting hits the goblin.
The goblin is poisoned.
The goblin is moderately wounded.
* * * LOW HITPOINT WARNING * * *
The goblin looks more healthy.
You see here 8 gold pieces.
Casting: Sting (safe; 4% risk of failure)
Confirm with . or Enter, or press ? or * to list all spells.
Aiming: Sting (safe; 4% risk of failure)
Press: ? - help, Shift-Dir - straight line, f/p - goblin
Aim: a goblin, wielding a +0 dagger (severely wounded, 36% to evade)
The sting hits the goblin.
The goblin is poisoned.
You kill the goblin!
* * * LOW HITPOINT WARNING * * *
You now have 32 gold pieces (gained 8).
A quokka comes into view.
Found a glowing silver altar of Zin.
Found a club.
Casting: Sting (safe; 4% risk of failure)
Confirm with . or Enter, or press ? or * to list all spells.
Aiming: Sting (safe; 4% risk of failure)
Press: ? - help, Shift-Dir - straight line, f - quokka
Aim: a quokka (40% to evade)
The sting misses the quokka.
* * * LOW HITPOINT WARNING * * *
The quokka closely misses you.
Casting: Sting (safe; 4% risk of failure)
Confirm with . or Enter, or press ? or * to list all spells.
Aiming: Sting (safe; 4% risk of failure)
Press: ? - help, Shift-Dir - straight line, f/p - quokka
Aim: a quokka (40% to evade)
The sting hits the quokka.
The quokka is poisoned.
The quokka is moderately wounded.
* * * LOW HITPOINT WARNING * * *
The quokka bites you.
* * * LOW HITPOINT WARNING * * *
Casting: Sting (safe; 4% risk of failure)
Confirm with . or Enter, or press ? or * to list all spells.
Aiming: Sting (safe; 4% risk of failure)
Press: ? - help, Shift-Dir - straight line, f/p - quokka
Aim: a quokka (heavily wounded, poisoned, 40% to evade)
The sting hits the quokka but does no damage.
The quokka looks even sicker.
The quokka is heavily wounded.
* * * LOW HITPOINT WARNING * * *
The quokka barely misses you.
Casting: Sting (safe; 4% risk of failure)
Confirm with . or Enter, or press ? or * to list all spells.
Aiming: Sting (safe; 4% risk of failure)
Press: ? - help, Shift-Dir - straight line, f/p - quokka
Aim: a quokka (heavily wounded, very poisoned, 40% to evade)
The sting misses the quokka.
* * * LOW HITPOINT WARNING * * *
The quokka barely misses you.
An endoplasm comes into view.
The quokka closely misses you.
The quokka bites you but does no damage.
Found a scroll labelled JIJAKK KAHUS.
A goblin comes into view. It is wielding a +0 club.
The goblin shouts!
The quokka closely misses you.
It was a potion of haste.
You feel yourself speed up. The quokka barely misses you.
As you read the scroll labelled QOYNAO ZOCOXA, it crumbles to dust.
The endoplasm quivers.
Magic quickly surges around you.
It was a scroll of vulnerability.
The quokka bites you.
You die...

...# #...#.#.# ...#
##....... .†<#
############ ...#.#.#.
...# #...........#
.......... ...#
#...........#
...#.#.#.# ...#
#...........#
.......... ...#
#......g....#
..#.#.#.#. ...#.
#...........#
#..........
####.###.^.....r@..#
#.#.#.#.#.# #
...+...........#
........).
######.............#
#..#.#.#.#.
.....#.............#
#..........
####.#.._.......).....
...#.#.#.# #
#.#.....##..........
##.†..... #
#.#.....##....J.....
#.#.#.#. #
#.......##....?..... #
.. ... #
####################
..# #.#


You could see an endoplasm (weak-willed), a quokka (poisoned, weak-willed) and a
goblin (weak-willed).

Vanquished Creatures
  2 dart slugs (D:2)
  A goblin (D:2)
  2 hobgoblins (D:2)
  A ball python (D:2)
  A bat (D:2)
  A frilled lizard (D:2)
  A kobold (D:2)
  A rat (D:2)
10 creatures vanquished.

Notes
Turn   | Place    | Note
-------+----------+-------------------------------------------
     0 | D:1      | EnegeticOcto the Djinni Venom Mage began the quest for the
                  | Orb.
     0 | D:1      | Reached XP level 1. HP: 15/15 MP: 0/0
    19 | D:2      | Reached skill level 3 in Spellcasting
    27 | D:2      | Reached XP level 2. HP: 8/21 MP: 0/0
   121 | D:2      | Found a glowing silver altar of Zin.
   138 | D:2      | Slain by a quokka

Illustrated notes

Levels and vault maps discovered:
D:1:      grunt_arrival_lava_bath, layout_loops_corners, basic_ecumenical_altar
D:2:      layout_basic, basic_altar, st_stairs_4, hex_large

Skill      XL: |  1 |
---------------+----+-----
Spellcasting   | 3 |  3.3
Dodging        | |  2.1
Stealth        | |  1.5

Action                   || total
-------------------------++-------
 Cast: Sting             ||    14
       Poisonous Vapours ||     3
  Use: Scroll            ||     1
       Potion            ||     1
Armor: Robe              ||     2
Dodge: Dodged            ||     9

Table legend: (Time is in decaauts)
 A = Elapsed time spent in this place.
 B = Non-inter-level travel time spent in this place.
 C = Inter-level travel time spent in this place.
 D = Time resting spent in this place.
 E = Time spent auto-exploring this place.
 F = Levels seen in this place.
 G = Mean time per level.
                   A        B        C        D        E       F      G
               +--------+--------+--------+--------+--------+-----+--------+
         Total |    138 |    138 |      0 |      0 |      0 |   2 |   69.0 |
       Dungeon |    138 |    138 |      0 |      0 |      0 |   2 |   69.0 |
               +--------+--------+--------+--------+--------+-----+--------+

Top non-repeatable levels by time:
     D:2: 124 daAuts
     D:1: 14 daAuts
